 Dungeon Crawl Stone Soup version 0.28-a0-1415-g7c84da036a (webtiles) character file.

Game seed: 6034812210438945187

100 Shayle the Ducker (level 4, -2/44 HPs)
             Began as an Ogre Warper on Jan 8, 2022.
             Succumbed to a scorpion's poison
             ... on level 5 of the Dungeon.
             The game lasted 00:05:37 (2203 turns).

Shayle the Ducker (Ogre Warper)                     Turns: 2203, Time: 00:05:38

Health: -2/44      AC:  3    Str: 17    XL:     4   Next: 73%
Magic:  6/6        EV: 10    Int: 14    God:
Gold:   81         SH:  0    Dex:  8    Spells: 7/7 levels left

rFire   + . .      SeeInvis .     - Unarmed
rCold   . . .      Faith    .   (no shield)
rNeg    . . .      Spirit   .   a - +0 robe
rPois   .          Reflect  .   (helmet restricted)
rElec   .          Harm     .   (no cloak)
rCorr   .          Rampage  .   (gloves unavailable)
Will    +....                   (boots unavailable)
Stlth   +.........              (no amulet)
HPRegen 0.14/turn               (no ring)
MPRegen 0.10/turn               (no ring)

@: lethally poisoned (-2 -> -25)
A: large, unfitting armour, tough skin 1, fire resistance 1, low mp 1,
strong-willed 1, screaming 1
a: no special abilities


You were on level 5 of the Dungeon.
You visited 1 branch of the dungeon, and saw 5 of its levels.

You collected 81 gold pieces.

Inventory:

Armour
 a - a +0 robe (worn)
Jewellery
 f - a ring of protection from fire
Scrolls
 d - 2 scrolls of teleportation
 g - a scroll of torment {unknown}


   Skills:
 - Level 2.6 Fighting
 - Level 1.0 Throwing
 + Level 3.5 Dodging
 + Level 3.2 Unarmed Combat
 - Level 2.4 Spellcasting
 - Level 2.6 Translocations


You had 7 spell levels left.
You didn't know any spells.
Your spell library contained the following spells:

 Spells                   Type           Power      Damage    Failure   Level
 Blink                    Tloc           18%        N/A       12%         2
 Freeze                   Ice            4%         1d3       22%         1
 Gell's Gravitas          Tloc           9%         N/A       22%         3
 Lesser Beckoning         Tloc           9%         N/A       22%         3
 Teleport Other           Tloc           9%         N/A       22%         3
 Dazzling Flash           Conj/Hex       2%         N/A       56%         3
 Frozen Ramparts          Ice            2%         1d2       56%         3
 Iskenderun's Mystic Bla  Conj/Tloc      5%         2d3       78%         4
 Manifold Assault         Tloc           9%         N/A       91%         5
 Hailstorm                Conj/Ice       1%         3d3       92%         4
 Starburst                Conj/Fire      0%         6d3       100%        6


Dungeon Overview and Level Annotations

Branches:
Dungeon (5/15)
 Temple: D:4-7

Altars:

Annotations:
D:3 Ijyb, Terence
D:4 Grinder


Innate Abilities, Weirdness & Mutations

You are too large for most types of armour.
You have tough skin. (AC +1)
Your flesh is heat resistant. (rF+)
Your magical capacity is low. (-10% MP)
You are strong-willed. (Will+)
You occasionally shout uncontrollably at your foes.


Message History

The scorpion is moderately wounded.
The scorpion stings you.
You are poisoned.
The scorpion poisons you!
You hit the scorpion.
The scorpion is moderately wounded.
You feel sick. The scorpion closely misses you.
You hit the scorpion.
The scorpion is heavily wounded.
You feel sick. The scorpion barely misses you.
You hit the scorpion but do no damage.
The scorpion is heavily wounded.
You feel sick. The scorpion misses you. The scorpion stings you.
You are more poisoned.
The scorpion poisons you!
You hit the scorpion. Your punch misses the scorpion.
The scorpion is heavily wounded.
You feel very sick. The scorpion stings you!
You are lethally poisoned!
The scorpion poisons you!
You hit the scorpion but do no damage.
The scorpion is heavily wounded.
You feel very sick. The scorpion stings you.
You are more poisoned.
The scorpion poisons you!
You hit the scorpion.
The scorpion is severely wounded.
* * * LOW HITPOINT WARNING * * *
You feel extremely sick. The scorpion barely misses you.
You closely miss the scorpion.
The scorpion is heavily wounded.
* * * LOW HITPOINT WARNING * * *
You feel very sick. The scorpion misses you.
You closely miss the scorpion.
The scorpion is heavily wounded.
You die...

#.#.#.####....##########....
#.#.#.##.............s.....#
#................#####.##.#.
..#.#.####.#.............
........##.#..............#
#.#..........###.####..#..#
.........#.#.# #.# .. #
#.######.#.#.# #s# ....
#.#.#.# #@# #.#.# #.#.#.#
#.# #.#.# #.#.#.###'##### #
#.#.#.........#
#.#.###.......# #.#
#.......# #.#.###.......#
#.#...........#
#.######......#


You could see a scorpion.

Vanquished Creatures
  An orc priest (D:3)
  Natasha (D:2)
  2 dart slugs
  2 orcs (D:3)
  4 bats
  2 endoplasms
  5 goblins
  2 hobgoblins (D:2)
  3 jackals (D:1)
  7 kobolds
  A quokka (D:1)
  4 ball pythons (D:1)
  A frilled lizard (D:2)
  5 rats
40 creatures vanquished.

Notes
Turn   | Place    | Note
-------+----------+-------------------------------------------
     0 | D:1      | Shayle the Ogre Warper began the quest for the Orb.
     0 | D:1      | Reached XP level 1. HP: 22/22 MP: 3/3
   163 | D:1      | Reached XP level 2. HP: 28/29 MP: 5/5
   472 | D:1      | Found a faded altar of an unknown god.
   856 | D:1      | Reached XP level 3. HP: 31/36 MP: 6/6
  1055 | D:2      | Noticed Natasha
  1075 | D:2      | Killed Natasha
  1336 | D:2      | Reached XP level 4. HP: 43/44 MP: 7/7
  1718 | D:3      | Noticed Ijyb
  1724 | D:3      | Noticed Terence
  1728 | D:3      | Gained mutation: Your flesh is heat resistant. (rF+)
                  | [potion of mutation]
  1728 | D:3      | Gained mutation: Your magical capacity is low. (-10% MP)
                  | [potion of mutation]
  1728 | D:3      | Gained mutation: You occasionally shout uncontrollably at
                  | your foes. [potion of mutation]
  1728 | D:3      | Gained mutation: You are strong-willed. (Will+) [potion of
                  | mutation]
  2067 | D:4      | Noticed Grinder
  2108 | D:5      | Entered Level 5 of the Dungeon
  2179 | D:5      | Noticed a scorpion
  2203 | D:5      | Succumbed to a scorpion's poison

Illustrated notes

Levels and vault maps discovered:
D:1:      onia_arrival_pyramid, layout_rooms,
          ebering_ecumenical_altar_sacrificial
D:2:      layout_loops_ring, minmay_snake_closets, uniq_robin, uniq_natasha
D:3:      layout_basic, uniq_terence, uniq_ijyb
D:4:      layout_basic, minmay_temple_entry_hall, uniq_pikel, uniq_grinder,
          uniq_menkaure
D:5:      layout_basic, minmay_circle_x, uniq_blork_the_orc

Skill      XL: |  1  2  3  4 |
---------------+-------------+-----
Unarmed Combat | 2 3 |  3.2
Dodging        | 3 |  3.5
Fighting       | |  2.6
Throwing       | |  1.0
Spellcasting   | |  2.4
Translocations | |  2.6

Action                   |  1- 3 |  4- 6 || total
-------------------------+-------+-------++-------
Melee: Unarmed           |   134 |    64 ||   198
       Punch             |     3 |     1 ||     4
Throw: Boomerang         |     2 |     3 ||     5
  Use: Scroll            |       |     2 ||     2
       Potion            |       |     1 ||     1
Armor: Robe              |    42 |    13 ||    55
Dodge: Dodged            |    66 |    31 ||    97

Table legend: (Time is in decaauts)
 A = Elapsed time spent in this place.
 B = Non-inter-level travel time spent in this place.
 C = Inter-level travel time spent in this place.
 D = Time resting spent in this place.
 E = Time spent auto-exploring this place.
 F = Levels seen in this place.
 G = Mean time per level.
                   A        B        C        D        E       F      G
               +--------+--------+--------+--------+--------+-----+--------+
         Total |   2194 |   2168 |     26 |    775 |    839 |   5 |  438.8 |
       Dungeon |   2194 |   2168 |     26 |    775 |    839 |   5 |  438.8 |
               +--------+--------+--------+--------+--------+-----+--------+

Top non-repeatable levels by time:
     D:1: 968 daAuts
     D:2: 651 daAuts
     D:4: 355 daAuts
     D:3: 124 daAuts
     D:5: 95 daAuts
